PAA
DURHAM RAPIERS @ PHOENIX HOTSPUR YOUTH
09/14/2022
 
TOP OF THE 1ST
Durham Rapiers batting - Pitching for Phoenix Hotspur Youth : RHP Titus Parson
Pitching: RHP Titus Parson
Batting: RHB Esteban Garza 0-0: Ball
1-0: Called Strike
1-1: Ball
2-1: Ball
3-1: Base on Balls
Batting: LHB Evan Nelson 0-0: Called Strike
Esteban Garza steals 2nd base
0-1: Fly out, F8 (Flyball, 8RM)
Batting: RHB Luis Tapia 0-0: Ball
1-0: Called Strike
1-1: Called Strike
1-2: Ball
2-2: Foul Ball, location: 2F
2-2: SINGLE (Line Drive, 56)
Esteban Garza to third
Runner from 3rd tries for Home, SAFE, no throw or cutoff
Batting: RHB Harrison Blackford 0-0: Called Strike
0-1: Ball
1-1: Ball
2-1: Ball
3-1: Base on Balls
Luis Tapia to second
Batting: SHB Ramón Pérez 0-0: Swinging Strike
0-1: Ball
1-1: Grounds into double play, 1-6-3 (Groundball, 13)
Top of the 1st over - 1 run(s), 1 hit(s), 0 error(s), 1 left on base; Durham 1 - Phoenix Hotspur 0
BOTTOM OF THE 1ST
Phoenix Hotspur Youth batting - Pitching for Durham Rapiers : RHP Ricky Jackson
Pitching: RHP Ricky Jackson
Batting: LHB Arthur Ryan 0-0: Fly out, F7 (Flyball, 78M)
Batting: RHB António Padilla 0-0: Fly out, F8 (Popup, 8RS)
Batting: LHB Derek Blair 0-0: Foul Ball, location: 2F
0-1: Ball
1-1: Ball
2-1: Swinging Strike
2-2: Foul Ball, location: 2F
2-2: Ball
3-2: Ground out 5-3 (Groundball, 56)
Bottom of the 1st over - 0 run(s), 0 hit(s), 0 error(s), 0 left on base; Durham 1 - Phoenix Hotspur 0
TOP OF THE 2ND
Durham Rapiers batting - Pitching for Phoenix Hotspur Youth : RHP Titus Parson
Batting: RHB Caleb Lee 0-0: Reached on error, E6 (Groundball, 6)
Batting: RHB Kevin Sanderson 0-0: Called Strike
0-1: Ball
1-1: Foul Ball, location: 2F
1-2: Foul Ball, location: 2F
1-2: Strikes out looking
Batting: SHB Juan Blanco 0-0: Fly out, F7 (Flyball, 7S)
Batting: LHB Mitchell Hansen 0-0: Ball
1-0: Swinging Strike
1-1: Ball
2-1: Fly out, F6 (Popup, 4MD)
Top of the 2nd over - 0 run(s), 0 hit(s), 1 error(s), 1 left on base; Durham 1 - Phoenix Hotspur 0
BOTTOM OF THE 2ND
Phoenix Hotspur Youth batting - Pitching for Durham Rapiers : RHP Ricky Jackson
Batting: RHB Dan Perkins 0-0: Ball
1-0: Ball
2-0: Ball
3-0: Base on Balls
Batting: LHB Cristo Aponte 0-0: Ball
Dan Perkins steals 2nd base
1-0: Ball
2-0: Called Strike
2-1: Ball
3-1: Base on Balls
Batting: RHB Al Thomas 0-0: Ball
1-0: Foul Ball, location: 2F
1-1: Fly out, F6 (Popup, 6MS)
Batting: RHB David Rivas 0-0: Ball
1-0: Foul Ball, location: 2F
1-1: Ball
2-1: Ball
3-1: Base on Balls
Dan Perkins to third
Cristo Aponte to second
Batting: RHB Satoshi Terada 0-0: Ball
1-0: Foul Ball, location: 2F
1-1: Hit by Pitch
Dan Perkins scores
Cristo Aponte to third
David Rivas to second
Batting: RHB Jesús Álvarez 0-0: Called Strike
0-1: Ball
1-1: Foul Ball, location: 2F
1-2: SINGLE (Groundball, 4M)
Cristo Aponte scores
David Rivas to third
Satoshi Terada to second
Runner from 3rd tries for Home, throw and OUT!
Satoshi Terada to third
Jesús Álvarez to second
Batting: LHB Arthur Ryan 0-0: Ball
1-0: Called Strike
1-1: Swinging Strike
1-2: Ground out 6-3 (Groundball, 6)
Bottom of the 2nd over - 2 run(s), 1 hit(s), 0 error(s), 2 left on base; Durham 1 - Phoenix Hotspur 2
TOP OF THE 3RD
Durham Rapiers batting - Pitching for Phoenix Hotspur Youth : RHP Titus Parson
Batting: RHB Esteban Garza 0-0: Called Strike
0-1: Ball
1-1: Ball
2-1: Ball
3-1: Foul Ball, location: 2F
3-2: Base on Balls
Batting: LHB Evan Nelson 0-0: Ball
1-0: Called Strike
1-1: Ball
2-1: Foul Ball, location: 2F
2-2: Strikes out looking
Esteban Garza is caught stealing 2nd base
Batter strikes out.
Batting: RHB Luis Tapia 0-0: Called Strike
0-1: Called Strike
0-2: Strikes out swinging
Top of the 3rd over - 0 run(s), 0 hit(s), 0 error(s), 0 left on base; Durham 1 - Phoenix Hotspur 2
BOTTOM OF THE 3RD
Phoenix Hotspur Youth batting - Pitching for Durham Rapiers : RHP Ricky Jackson
Batting: RHB António Padilla 0-0: Called Strike
0-1: Called Strike
0-2: Ball
1-2: Ball
2-2: Strikes out looking
Batting: LHB Derek Blair 0-0: Called Strike
0-1: Ground out U3 (Groundball, 3)
Batting: RHB Dan Perkins 0-0: Ball
1-0: Called Strike
1-1: Ball
2-1: Swinging Strike
2-2: Ground out 2-3 (Groundball, 2L)
Bottom of the 3rd over - 0 run(s), 0 hit(s), 0 error(s), 0 left on base; Durham 1 - Phoenix Hotspur 2
TOP OF THE 4TH
Durham Rapiers batting - Pitching for Phoenix Hotspur Youth : RHP Titus Parson
Batting: RHB Harrison Blackford 0-0: Ground out 6-3 (Groundball, 6)
Batting: SHB Ramón Pérez 0-0: Called Strike
0-1: Ball
1-1: Ball
2-1: Fly out, F9 (Line Drive, 89S)
Batting: RHB Caleb Lee 0-0: Fly out, F9 (Flyball, 89M)
Top of the 4th over - 0 run(s), 0 hit(s), 0 error(s), 0 left on base; Durham 1 - Phoenix Hotspur 2
BOTTOM OF THE 4TH
Phoenix Hotspur Youth batting - Pitching for Durham Rapiers : RHP Ricky Jackson
Batting: LHB Cristo Aponte 0-0: Ball
1-0: Called Strike
1-1: Called Strike
1-2: Ball
2-2: Ball
3-2: Base on Balls
Batting: RHB Al Thomas 0-0: Ball
1-0: DOUBLE (Line Drive, 7LM)
Cristo Aponte to third
Batting: RHB David Rivas 0-0: Ball
1-0: Called Strike
1-1: 3-RUN HOME RUN (Flyball, 7D), Distance : 382 ft
Batting: RHB Satoshi Terada Single, Error in OF, E8, batter to second base
Batting: RHB Jesús Álvarez 0-0: Foul Ball, location: 2F
0-1: Ball
1-1: Ball
2-1: Foul Ball, location: 2F
2-2: Strikes out looking
Batting: LHB Arthur Ryan 0-0: Ball
1-0: Called Strike
1-1: Called Strike
1-2: SINGLE (Groundball, 3D)
Satoshi Terada to third
Batting: RHB António Padilla 0-0: Called Strike
0-1: Ball
Arthur Ryan steals 2nd base
1-1: Foul Ball, location: 2F
1-2: DOUBLE (Line Drive, 34D)
Satoshi Terada scores
Arthur Ryan scores
Pitching: RHP Sam MacKerras
Batting: LHB Derek Blair 0-0: Called Strike
0-1: Ball
1-1: Ball
2-1: Foul Ball, location: 2F
2-2: Ball
3-2: Foul Ball, location: 2F
3-2: 2-RUN HOME RUN (Flyball, 9D), Distance : 381 ft
Batting: RHB Dan Perkins 0-0: Called Strike
0-1: Foul Ball, location: 2F
0-2: Ball
1-2: Fly out, F9 (Flyball, 9LMF)
Batting: LHB Cristo Aponte 0-0: Fly out, F4 (Popup, 34)
Bottom of the 4th over - 7 run(s), 6 hit(s), 1 error(s), 0 left on base; Durham 1 - Phoenix Hotspur 9
TOP OF THE 5TH
Durham Rapiers batting - Pitching for Phoenix Hotspur Youth : RHP Titus Parson
Batting: RHB Kevin Sanderson 0-0: Ball
1-0: Foul Ball, location: 2F
1-1: Foul Ball, location: 2F
1-2: Ball
2-2: Ball
3-2: SINGLE (Line Drive, 8LS)
Batting: SHB Juan Blanco 0-0: Called Strike
0-1: Grounds into double play, 6-4-3 (Groundball, 6)
Batting: LHB Mitchell Hansen 0-0: Called Strike
0-1: Ball
1-1: Called Strike
1-2: SINGLE (Groundball, 34D)
Batting: RHB Esteban Garza 0-0: Ball
Passed Ball!
Mitchell Hansen to second
1-0: Ground out 3-1 (Groundball, 4)
Top of the 5th over - 0 run(s), 2 hit(s), 0 error(s), 1 left on base; Durham 1 - Phoenix Hotspur 9
BOTTOM OF THE 5TH
Phoenix Hotspur Youth batting - Pitching for Durham Rapiers : RHP Sam MacKerras
Batting: RHB Al Thomas 0-0: Called Strike
0-1: Swinging Strike
0-2: Foul Ball, location: 2F
0-2: Strikes out looking
Batting: RHB David Rivas 0-0: Foul Ball, location: 2F
0-1: Ball
1-1: Ball
2-1: Foul Ball, location: 2F
2-2: Strikes out swinging
Batting: RHB Satoshi Terada 0-0: Called Strike
0-1: Ball
1-1: Foul Ball, location: 2F
1-2: Ball
2-2: Foul Ball, location: 2F
2-2: Ball
3-2: Strikes out swinging
Bottom of the 5th over - 0 run(s), 0 hit(s), 0 error(s), 0 left on base; Durham 1 - Phoenix Hotspur 9
TOP OF THE 6TH
Durham Rapiers batting - Pitching for Phoenix Hotspur Youth : RHP Titus Parson
Batting: LHB Evan Nelson 0-0: Ball
1-0: Ball
2-0: Ball
3-0: Base on Balls
Batting: RHB Luis Tapia 0-0: Ball
1-0: Foul Ball, location: 2F
1-1: Swinging Strike
1-2: Foul Ball, location: 2F
1-2: DOUBLE (Flyball, 8LXD)
Evan Nelson to third
Batting: RHB Harrison Blackford 0-0: Ground out 4-3 (Groundball, 34)
Evan Nelson scores
Luis Tapia to third
Batting: SHB Ramón Pérez 0-0: Called Strike
0-1: Ground out 5-3 (Groundball, 56S)
Luis Tapia scores
Batting: RHB Caleb Lee 0-0: Called Strike
0-1: Ball
1-1: Ball
2-1: Ball
3-1: Foul Ball, location: 2F
3-2: Ground out 1-3 (Groundball, 13S)
Top of the 6th over - 2 run(s), 1 hit(s), 0 error(s), 0 left on base; Durham 3 - Phoenix Hotspur 9
BOTTOM OF THE 6TH
Phoenix Hotspur Youth batting - Pitching for Durham Rapiers : RHP Sam MacKerras
Batting: RHB Jesús Álvarez 0-0: Called Strike
0-1: Foul Ball, location: 2F
0-2: Ball
1-2: Ball
2-2: Strikes out swinging
Batting: LHB Arthur Ryan 0-0: Ball
1-0: Ball
2-0: Ball
3-0: Base on Balls
Batting: RHB António Padilla 0-0: Called Strike
Arthur Ryan steals 2nd base
0-1: Ball
1-1: Ball
2-1: DOUBLE (Line Drive, 8RXD)
Arthur Ryan scores
Batting: LHB Derek Blair 0-0: Foul Ball, location: 2F
0-1: Called Strike
0-2: Ball
1-2: SINGLE (Groundball, 4MD)
António Padilla to third
Runner from 3rd tries for Home, throw and OUT!
Derek Blair to second
Batting: RHB Dan Perkins 0-0: Ball
1-0: Called Strike
1-1: Foul Ball, location: 2F
1-2: Ball
2-2: Ball
3-2: Foul Ball, location: 2F
3-2: Fly out, F9 (Flyball, 9S)
Bottom of the 6th over - 1 run(s), 2 hit(s), 0 error(s), 1 left on base; Durham 3 - Phoenix Hotspur 10
TOP OF THE 7TH
Durham Rapiers batting - Pitching for Phoenix Hotspur Youth : RHP Titus Parson
Batting: RHB Kevin Sanderson 0-0: Swinging Strike
0-1: Ball
1-1: Ball
2-1: Ball
3-1: Called Strike
3-2: Base on Balls
Batting: SHB Juan Blanco 0-0: SINGLE (Line Drive, 6M)
Kevin Sanderson to second
Batting: LHB Mitchell Hansen 0-0: Ball
1-0: Ball
2-0: Ball
3-0: Called Strike
3-1: Base on Balls
Kevin Sanderson to third
Juan Blanco to second
Pitching: RHP Odwin Looms
Batting: RHB Esteban Garza 0-0: Called Strike
0-1: Foul Ball, location: 2F
0-2: Ball
1-2: Foul Ball, location: 2F
1-2: Ball
2-2: Foul Ball, location: 2F
2-2: Ball
3-2: Base on Balls
Kevin Sanderson scores
Juan Blanco to third
Mitchell Hansen to second
Batting: LHB Evan Nelson 0-0: DOUBLE (Line Drive, 5L)
Juan Blanco scores
Mitchell Hansen scores
Esteban Garza to third
Batting: RHB Luis Tapia 0-0: Foul Ball, location: 2F
0-1: Ground out 6-3 (Groundball, 6)
Esteban Garza scores
Evan Nelson to third
Batting: RHB Harrison Blackford 0-0: Ground out 6-3 (Groundball, 6M)
Evan Nelson scores
Batting: SHB Ramón Pérez 0-0: Foul Ball, location: 2F
0-1: Ball
1-1: Ball
2-1: Ball
3-1: Base on Balls
Batting: RHB Caleb Lee 0-0: Called Strike
0-1: Ball
1-1: SINGLE (Line Drive, 4MD)
Ramón Pérez to second
Pinch Hitting: LHB Mayer Röhricht 0-0: Ball
1-0: Ball
Passed Ball!
Ramón Pérez to third
Caleb Lee to second
2-0: Foul Ball, location: 2F
2-1: 3-RUN HOME RUN (Line Drive, 9D), Distance : 363 ft
Batting: SHB Juan Blanco 0-0: Swinging Strike
0-1: Foul Ball, location: 2F
0-2: Fly out, F8 (Flyball, 8RM)
Top of the 7th over - 8 run(s), 4 hit(s), 0 error(s), 0 left on base; Durham 11 - Phoenix Hotspur 10
BOTTOM OF THE 7TH
Phoenix Hotspur Youth batting - Pitching for Durham Rapiers : RHP Sam MacKerras
Pitching: RHP Morgan MacDonald
Now at 1B: Scott Martin
Batting: LHB Cristo Aponte 0-0: Ball
1-0: Ball
2-0: Foul Ball, location: 2F
2-1: SINGLE (Line Drive, 89S)
Batting: RHB Al Thomas 0-0: Sac Bunt - play at first, batter OUT! 5-4
Cristo Aponte to second
Pinch Hitting: LHB Jim Unknown 0-0: Fly out, F8 (Flyball, 8LM)
Batting: RHB Satoshi Terada 0-0: Called Strike
0-1: Swinging Strike
0-2: Ball
1-2: Ball
2-2: Foul Ball, location: 2F
2-2: Ball
3-2: Foul Ball, location: 2F
3-2: Foul Ball, location: 2F
3-2: Base on Balls
Batting: RHB Jesús Álvarez 0-0: Foul Ball, location: 2F
0-1: Swinging Strike
0-2: Strikes out swinging
Bottom of the 7th over - 0 run(s), 1 hit(s), 0 error(s), 2 left on base; Durham 11 - Phoenix Hotspur 10
TOP OF THE 8TH
Durham Rapiers batting - Pitching for Phoenix Hotspur Youth : RHP Odwin Looms
Pitching: RHP Jaime van de Weideven
Now in RF: Jim Unknown
Batting: LHB Mitchell Hansen 0-0: Ball
1-0: Ball
2-0: Foul Ball, location: 2F
2-1: Foul Ball, location: 2F
2-2: SINGLE (Flyball, 6MD)
Batting: RHB Esteban Garza 0-0: Bunted foul
0-1: Sac Bunt - play at first, batter OUT! 6-4
Mitchell Hansen to second
Batting: LHB Evan Nelson 0-0: Called Strike
0-1: Ball
1-1: DOUBLE (Line Drive, 9LD)
Mitchell Hansen scores
Batting: RHB Luis Tapia 0-0: Intentional Walk
Pinch Hitting: LHB Barton McCann 0-0: Called Strike
Evan Nelson steals 3rd base
Luis Tapia to second
0-1: Ball
1-1: Intentional Walk
Pinch Hitting: RHB Álex Hernández 0-0: Ball
1-0: Ball
2-0: Called Strike
2-1: Swinging Strike
2-2: Ball
3-2: Strikes out swinging
Batting: RHB Caleb Lee 0-0: Ball
1-0: SINGLE (Groundball, 3L)
Evan Nelson scores
Luis Tapia to third
Barton McCann to second
Batting: LHB Scott Martin 0-0: Foul Ball, location: 2F
0-1: Ball
1-1: Swinging Strike
1-2: Foul Ball, location: 2F
1-2: Ball
2-2: Strikes out looking
Top of the 8th over - 2 run(s), 3 hit(s), 0 error(s), 3 left on base; Durham 13 - Phoenix Hotspur 10
BOTTOM OF THE 8TH
Phoenix Hotspur Youth batting - Pitching for Durham Rapiers : RHP Morgan MacDonald
Now at SS: Sansan Breia
Now in CF: Barton McCann
Batting: LHB Arthur Ryan 0-0: Ball
1-0: Called Strike
1-1: Ground out U3 (Groundball, 3S)
Batting: RHB António Padilla 0-0: SINGLE (Groundball, 56D) (infield hit)
Pitching: RHP Juan Díaz
Batting: LHB Derek Blair 0-0: Foul Ball, location: 2F
0-1: Ball
1-1: Foul Ball, location: 2F
1-2: Foul Ball, location: 2F
1-2: Strikes out swinging
Batting: RHB Dan Perkins 0-0: Fly out, F8 (Flyball, 8LM)
Bottom of the 8th over - 0 run(s), 1 hit(s), 0 error(s), 1 left on base; Durham 13 - Phoenix Hotspur 10
TOP OF THE 9TH
Durham Rapiers batting - Pitching for Phoenix Hotspur Youth : RHP Jaime van de Weideven
Pitching: LHP Bryan Jones
Batting: SHB Juan Blanco 0-0: Ball
1-0: Ball
2-0: Called Strike
2-1: Ball
3-1: Base on Balls
Batting: LHB Mitchell Hansen 0-0: Sac Bunt - play at first, batter OUT! 1-3
Juan Blanco to second
Batting: RHB Esteban Garza 0-0: Intentional Walk
Batting: LHB Evan Nelson 0-0: Called Strike
0-1: Foul Ball, location: 2F
0-2: Ball
1-2: Strikes out swinging
Batting: RHB Luis Tapia 0-0: Foul Ball, location: 2F
0-1: Ball
1-1: Foul Ball, location: 2F
1-2: Ball
2-2: Foul Ball, location: 2F
2-2: Ball
3-2: DOUBLE (Line Drive, 78D)
Juan Blanco scores
Esteban Garza to third
Esteban Garza scores
Batting: LHB Barton McCann 0-0: Ball
1-0: Foul Ball, location: 2F
1-1: Ball
2-1: Ball
3-1: Foul Ball, location: 2F
3-2: DOUBLE (Flyball, 89M)
Luis Tapia scores
Pitching: RHP Domingo Pérez
Batting: SHB Sansan Breia 0-0: Foul Ball, location: 2F
0-1: Ground out U3 (Groundball, 3L)
Top of the 9th over - 3 run(s), 2 hit(s), 0 error(s), 1 left on base; Durham 16 - Phoenix Hotspur 10
BOTTOM OF THE 9TH
Phoenix Hotspur Youth batting - Pitching for Durham Rapiers : RHP Juan Díaz
Batting: LHB Cristo Aponte 0-0: Foul Ball, location: 2F
0-1: Ball
1-1: SINGLE (Line Drive, 6MD)
Batting: RHB Al Thomas 0-0: Ball
1-0: Ball
2-0: SINGLE (Line Drive, 7S)
Cristo Aponte to second
Batting: LHB Jim Unknown 0-0: Called Strike
0-1: Ball
1-1: Swinging Strike
1-2: Ball
2-2: Foul Ball, location: 2F
2-2: Strikes out swinging
Batting: RHB Satoshi Terada 0-0: Foul Ball, location: 2F
0-1: Ball
1-1: Swinging Strike
1-2: SINGLE (Groundball, 56D)
Cristo Aponte to third
Al Thomas to second
Batting: RHB Jesús Álvarez 0-0: Called Strike
0-1: Fly out, F4 (Popup, 34)
Batting: LHB Arthur Ryan 0-0: Ball
1-0: Called Strike
1-1: Ball
2-1: SINGLE (Line Drive, 8RS)
Cristo Aponte scores
Al Thomas to third
Satoshi Terada to second
Pitching: RHP Pablo Hernández
Batting: RHB António Padilla 0-0: Ball
1-0: Ball
2-0: GRAND SLAM HOME RUN (Flyball, 7D), Distance : 373 ft
Batting: LHB Derek Blair 0-0: Ball
1-0: Fly out, F6 (Popup, 6)
Bottom of the 9th over - 5 run(s), 5 hit(s), 0 error(s), 0 left on base; Durham 16 - Phoenix Hotspur 15
This league is powered by Out of the Park Baseball, the baseball management simulation game for PC, Mac and Linux
Friday, April 15th, 2016 - OOTP Baseball 16.9 Build 39